 Dungeon Crawl Stone Soup version 0.19-a0-1210-g5c1aa26 (webtiles) character file.

68 Rhoefr the Sneak (level 4, -2/27 HPs)
             Began as an Octopode Ice Elementalist on Aug 22, 2016.
             Slain by a gnoll
             ... wielding a +0 club
              (7 damage)
             ... on level 2 of the Dungeon.
             The game lasted 00:08:35 (1772 turns).

Rhoefr the Sneak (Octopode Ice Elementalist)        Turns: 1772, Time: 00:08:35

Health: -2/27      AC:  6    Str:  8    XL:     4   Next: 19%
Magic:  5/7        EV: 13    Int: 17    God:
Gold:   88         SH:  0    Dex: 12    Spells: 2 memorised, 3 levels left

rFire  . . .     SeeInvis .       - Unarmed
rCold  . . .     Gourm    .     (no shield)
rNeg   . . .     Faith    .     (helmet restricted)
rPois  .         Spirit   .     (no amulet)
rElec  .         Dismiss  .     c - ring of protection from magic
rCorr  .         Reflect  .     (no ring)
MR     +....     Harm     .     (no ring)
Stlth  ++++......               (no ring)
                                (no ring)
                                (no ring)
                                (no ring)
                                (no ring)

@: icy armour, slow
A: almost no armour, amphibious, 8 rings, constrict 8, camouflage 1, gelatinous
body 1
a: no special abilities


You were on level 2 of the Dungeon.
You were not hungry.

You visited 1 branch of the dungeon, and saw 3 of its levels.

You collected 88 gold pieces.

Inventory:

Missiles
 h - 96 stones (quivered)
Jewellery
 c - a ring of protection from magic (left tentacle)
Scrolls
 d - a scroll of magic mapping {!r}
 e - a scroll of recharging {unknown}
 g - 2 scrolls of remove curse
 m - a scroll of enchant weapon {unknown}
 p - a scroll of identify {unknown}
 s - a scroll of fear {unknown}
Potions
 i - 4 potions of ambrosia {unknown}
 l - 2 potions of curing {unknown}
 n - a potion of brilliance {unknown}
 o - a potion of agility {unknown}
 q - a potion of heal wounds {unknown}
Books
 a - a book of Frost

   Spells                             Type                      Level
   a - Freeze                         Ice                          1
   b - Throw Frost                    Conjuration/Ice              2
   c - Ozocubu's Armour               Charms/Ice                   3
   d - Throw Icicle                   Conjuration/Ice              4
   e - Summon Ice Beast               Ice/Summoning                4
Comestibles
 b - 2 bread rations
 f - a meat ration
 j - a slice of pizza
 k - a beef jerky


   Skills:
 - Level 2.0 Dodging
 + Level 3.9 Stealth
 * Level 2.5 Unarmed Combat
 - Level 2.0 Spellcasting
   Level 1.0 Conjurations
 * Level 1.3 Charms
 - Level 3.0 Ice Magic


You had 3 spell levels left.
You knew the following spells:

 Your Spells              Type           Power        Failure   Level  Hunger
a - Freeze                Ice            ##..         6%          1    #......
b - Ozocubu's Armour      Chrm/Ice       #.......     24%         3    ###....


Dungeon Overview and Level Annotations

Branches:
Dungeon (3/15)

Altars:


Innate Abilities, Weirdness & Mutations

You cannot wear most types of armour.
You are amphibious.
You can wear up to eight rings at the same time.
You can use your tentacles to constrict eight enemies at once.
Your skin changes colour to match your surroundings (Stealth+).
Your rubbery body absorbs attacks. (AC +1, EV +1)


Message History

Unknown command.
You release your grip on the gnoll.
The gnoll hits you with a club.
* * * LOW HITPOINT WARNING * * *
The gnoll misses you.
You climb upwards.
There is a stone staircase leading down here.
You are too injured to fight recklessly!
You tentacle-slap the gnoll but do no damage.
Your grab misses the gnoll. You squeeze the gnoll.
The gnoll is severely wounded.
The gnoll hits you with a club.
* * * LOW HITPOINT WARNING * * *
You closely miss the gnoll. Your grab misses the gnoll.
The gnoll is severely wounded.
The gnoll hits you but does no damage.
You tentacle-slap the gnoll. You grab the gnoll.
The gnoll is almost dead.
You constrict the gnoll, but do no damage.
The gnoll hits you with a club!
You die...

#...............#
#.......#######.#
############
#.......# #.#
#...........
........# #.#
#..########.
#.......#
#.######..########.
........#
#....[..........#..
........#
########..#####.#..
.###.##.###########
#..# #.#.. .#
#............@.#
#..#####.... .#
####.#########g#
#..<........ .#
#..# #.#
#.######.#.# .#
##.# #.# #.# #.#.#
.# #.# #.# #.#
##.#.# .# #.# #.#
#.# #..#.# .# #.#
#.# #.# #..#.. .#
#.# #.# #.# #.....
.# #.# #.####.#
#.....


You could see a gnoll.

Vanquished Creatures
  A gnoll (D:3)
  2 dart slugs (D:1)
  2 worms (D:2)
  3 giant geckos (D:1)
  4 giant cockroaches
  6 goblins
  5 hobgoblins
  2 quokkas (D:2)
  3 bats
  2 giant newts
  4 kobolds
  16 rats
50 creatures vanquished.

Notes
Turn   | Place    | Note
-------+----------+-------------------------------------------
     0 | D:1      | Rhoefr the Octopode Ice Elementalist began the quest for the Orb.
     0 | D:1      | Reached XP level 1. HP: 11/11 MP: 3/3
    95 | D:1      | Reached skill level 1 in Unarmed Combat
   145 | D:1      | Reached XP level 2. HP: 17/17 MP: 5/5
   606 | D:1      | Reached XP level 3. HP: 21/21 MP: 6/6
   969 | D:2      | Learned a level 3 spell: Ozocubu's Armour
  1560 | D:2      | Reached skill level 1 in Charms
  1723 | D:3      | Reached XP level 4. HP: 25/27 MP: 7/7
  1772 | D:2      | Slain by a gnoll

Vault maps used:
D:1:      minmay_arrival_jagged
D:3:      lemuel_round_altar, portal_sewer_entry_d, grunt_decor_fettered,
          serial_bayou_lake_a

Skill      XL: |  1  2  3 |
---------------+----------+-----
Stealth        | 3 |  3.9
Unarmed Combat | 1 2 |  2.5
Charms         | 1 |  1.3
Dodging        | |  2.0
Spellcasting   | |  2.0
Conjurations   | |  1.0
Ice Magic      | |  3.0

Action                   |  1- 3 |  4- 6 || total
-------------------------+-------+-------++-------
Melee: Unarmed           |   112 |    17 ||   129
       Constrict         |    30 |     4 ||    34
       Tentacles         |    11 |     2 ||    13
       Punch             |     1 |       ||     1
Throw: Stone             |       |     1 ||     1
 Cast: Freeze            |     4 |       ||     4
       Ozocubu's Armour  |     2 |     1 ||     3
  Use: Scroll            |       |     2 ||     2
 Stab: Sleeping          |    14 |       ||    14
  Eat: Chunk             |     3 |       ||     3
Armor: Skin              |     7 |     4 ||    11
Dodge: Dodged            |    66 |     7 ||    73
